 Dungeon Crawl Stone Soup version 0.26-a0-712-ga5a9c9c9d0 (webtiles) character file.

Game seed: 14153256970777637379

2352 dickylongcocking the Cutter (level 9, -3/70 (71) HPs)
             Began as a Demonspawn Gladiator on Nov 1, 2020.
             Was an Initiate of Uskayaw.
             Killed from afar by a steam dragon (15 damage)
             ... with a ball of steam
             ... on level 7 of the Dungeon.
             The game lasted 00:05:38 (6942 turns).

dickylongcocking the Cutter (Demonspawn Gladiator)  Turns: 6942, Time: 00:05:39

HP:   -3/70 (71)    AC: 11    Str: 19    XL:     9   Next: 20%
MP:   10/13         EV:  8    Int:  9    God:    Uskayaw [......]
Gold: 100           SH: 15    Dex: 18    Spells: 8/8 levels left

rFire    . . .     SeeInvis .   z - +2 scimitar (vamp)
rCold    . . .     Faith    .   A - +2 tower shield
rNeg     + . .     Spirit   .   a - +0 leather armour
rPois    .         Reflect  .   (helmet restricted)
rElec    .         Harm     .   D - +0 cloak
rCorr    .         Rampage  .   (no gloves)
MR       .....                  y - +0 pair of boots
Stlth    +.........             (no amulet)
HPRegen  0.21/turn              x - ring of positive energy
MPRegen  0.13/turn              s - +4 ring of protection

@: no status effects
A: antennae 1, iridescent scales 1, agile 1, strong 1
a: Renounce Religion


You were on level 7 of the Dungeon.
You worshipped Uskayaw.
Uskayaw was noncommittal.
You visited 2 branches of the dungeon, and saw 8 of its levels.

You collected 317 gold pieces.
You spent 217 gold pieces at shops.

Inventory:

Hand Weapons
 g - a +0 short sword
 n - a +2 dagger of protection
 p - the +5 quarterstaff "Votudwam" {protect, rC+ Dex+7}
   (You found it on level 4 of the Dungeon)

   It grants its wielder temporary protection when it strikes (+7 to AC).
   It affects your dexterity (+7).
   It protects you from cold.
 z - a +2 vampiric scimitar (weapon)
Missiles
 c - a throwing net (quivered)
Armour
 a - a +0 leather armour (worn)
 b - a +0 helmet
 y - a +0 pair of boots (worn)
 A - a +2 tower shield (worn)
 D - a +0 cloak (worn)
Jewellery
 i - an uncursed ring of protection from fire
 l - an uncursed ring of resist corrosion
 m - an uncursed ring of magical power
 s - a +4 ring of protection (right hand)
 x - a ring of positive energy (left hand)
Wands
 v - a wand of flame (14)
 C - a wand of disintegration (9)
 E - a wand of polymorph (4)
 G - a wand of digging (6)
Scrolls
 e - 8 scrolls of teleportation {unknown}
 f - a scroll of magic mapping {unknown}
 j - 8 scrolls of identify {unknown}
 k - 2 scrolls of remove curse {unknown}
 q - 2 scrolls of amnesia {unknown}
 r - a scroll of enchant armour {unknown}
 t - 2 scrolls of enchant weapon {unknown}
 w - 2 scrolls of random uselessness {unknown}
 B - a scroll of blinking {unknown}
Potions
 d - a potion of mutation
 h - a potion of curing
 o - a potion of resistance
 u - 2 potions of flight
 F - a potion of stabbing


   Skills:
 * Level 6.9 Fighting
 - Level 7.4 Short Blades
 - Level 0.9 Staves
 - Level 1.7 Throwing
 - Level 2.6 Dodging
 * Level 2.2 Shields
 - Level 3.1 Unarmed Combat
 * Level 6.6 Invocations


You had 8 spell levels left.
You didn't know any spells.
Your spell library contained the following spells:

 Spells                   Type           Power        Failure   Level
 Corona                   Hex            #......      100%        1
 Ensorcelled Hibernation  Hex/Ice        #.....       100%        2
 Confusing Touch          Hex            #.......     100%        3
 Dazzling Flash           Conj/Hex       #.....       100%        3
 Gell's Gravitas          Tloc           #.........   100%        3
 Tukima's Dance           Hex            #.......     100%        3
 Petrify                  Tmut/Erth      #.......     100%        4
 Metabolic Englaciation   Hex/Ice        #.........   100%        5
 Yara's Violent Unravell  Hex/Tmut       #.........   100%        5


Dungeon Overview and Level Annotations

Branches:
Dungeon (7/15)             Temple (1/1) D:5

Altars:
Cheibriados
Dithmenos
Elyvilon
Fedhas
Gozag
Hepliaklqana
Nemelex Xobeh
Okawaru
Qazlal
Trog
Uskayaw
Vehumet
Xom
Yredelemnul
Zin
The Shining One

Shops:
D:6 [


Innate Abilities, Weirdness & Mutations

You have a pair of small antennae on your head.
You are partially covered in iridescent scales. (AC +2)
You are agile. (Dex +2)
Your muscles are strong. (Str +2)


Message History

You are engulfed in a cloud of scalding steam.
You block the steam dragon's attack. The steam dragon claws you.
A jelly comes into view.
The steam dragon closely misses you.
You riposte.
You slash the steam dragon!
You feel better.
The steam dragon is heavily wounded.
You block the steam dragon's attack.
You are engulfed in a cloud of scalding steam.
The steam dragon breathes steam at you. The ball of steam hits you!
* * * LOW HITPOINT WARNING * * *
Okay, then.
Okay, then.
Unknown command.
You stomp with the beat, sending a shockwave through the revelers around you!
The steam dragon is severely wounded.
You can no longer stomp with the beat.
The steam dragon breathes steam at you. The ball of steam hits you!
You die...

#. ###..#.
....#
#.##..... .
#.# .......#
#.# # ......#
#<# #. .....#
#.# #.. .J#.#
#.. #..##Z#.#
### #....D..#
# #
#..ยง.@..#
.####
#####.###
...# ###.###
#.. #.....#
#.. #.###.#
#.. #. #.#
#.. #.###.#
##.
#.....#######
#.
####.#......#
#.


You could see a steam dragon (catching breath), a jelly and a bullfrog skeleton.

Vanquished Creatures
  Pikel (D:4)
  An ice beast (D:5)
  A sky beast (D:6)
  A necrophage (D:7)
  An orc warrior (D:7)
  6 centaurs
  A lemure (D:4)
  2 bullfrogs (D:6)
  Blork the orc (D:4)
  A scorpion (D:6)
  3 wights (D:6)
  A bullfrog zombie (D:5)
  2 hounds
  2 orc priests
  2 orc wizards (D:4)
  A bullfrog skeleton (D:6)
  Jessica (D:2)
  An iguana (D:5)
  4 worker ants
  A hound zombie (D:7)
  2 hound skeletons
  2 worker ant zombies
  5 adders
  A white imp (D:7)
  An ooze (D:5)
  An adder zombie (D:5)
  A worm (D:3)
  A dart slug (D:1)
  14 orcs
  8 bats
  6 giant cockroaches
  7 goblins
  9 hobgoblins
  7 jackals
  A quokka (D:7)
  A ball python (D:3)
  5 frilled lizards
  A jackal skeleton (D:4)
  6 kobolds
  A leopard gecko skeleton (D:6)
  8 rats
122 creatures vanquished.

Vanquished Creatures (others)
  A sky beast (D:6)
1 creature vanquished.

Grand Total: 123 creatures vanquished

Notes
Turn   | Place    | Note
-------+----------+-------------------------------------------
     0 | D:1      | dickylongcocking the Demonspawn Gladiator began the quest
                  | for the Orb.
     0 | D:1      | Reached XP level 1. HP: 16/16 MP: 1/1
   540 | D:1      | Gained mutation: You have a pair of small antennae on your
                  | head. [demonic ancestry]
   540 | D:1      | Reached XP level 2. HP: 10/22 MP: 2/2
  1028 | D:1      | Reached skill level 1 in Short Blades
  1444 | D:1      | Reached XP level 3. HP: 26/27 MP: 3/3
  1778 | D:2      | Noticed Jessica
  1799 | D:2      | Killed Jessica
  1799 | D:2      | Reached skill level 2 in Short Blades
  2045 | D:2      | Reached XP level 4. HP: 33/33 MP: 4/4
  2380 | D:3      | Reached skill level 3 in Short Blades
  3369 | D:4      | Noticed Blork the orc
  3381 | D:4      | Killed Blork the orc
  3381 | D:4      | Reached skill level 4 in Short Blades
  3381 | D:4      | Reached XP level 5. HP: 36/38 MP: 5/5
  3541 | D:4      | Noticed a lemure
  3541 | D:4      | Noticed a lemure
  3541 | D:4      | Noticed a lemure
  3542 | D:4      | Noticed Pikel
  3543 | D:4      | Noticed a lemure
  3559 | D:4      | Gained mutation: You are frail. (-10% HP) [potion of
                  | mutation]
  3559 | D:4      | Gained mutation: You are partially covered in iridescent
                  | scales. (AC +2) [potion of mutation]
  3561 | D:4      | Lost mutation: You are frail. (-10% HP) [potion of
                  | mutation]
  3561 | D:4      | Lost mutation: You are partially covered in iridescent
                  | scales. (AC +2) [potion of mutation]
  3561 | D:4      | Gained mutation: Your muscles are strong. (Str +2) [potion
                  | of mutation]
  3561 | D:4      | Gained mutation: You are agile. (Dex +2) [potion of
                  | mutation]
  3568 | D:4      | Killed a lemure
  3580 | D:4      | Killed Pikel
  3580 | D:4      | Reached skill level 7 in Short Blades
  3580 | D:4      | Gained mutation: You are partially covered in iridescent
                  | scales. (AC +2) [demonic ancestry]
  3580 | D:4      | Reached XP level 6. HP: 29/44 MP: 6/6
  3580 | D:4      | Reached XP level 7. HP: 33/50 MP: 7/7
  4120 | D:4      | Got an ichor-stained quarterstaff
  4120 | D:4      | Identified the +5 quarterstaff "Votudwam" {protect, rC+
                  | Dex+7} (You found it on level 4 of the Dungeon)
  4269 | D:5      | Entered Level 5 of the Dungeon
  4664 | D:5      | Reached XP level 8. HP: 54/60 MP: 8/8
  5167 | D:5      | Found a staircase to the Ecumenical Temple.
  5179 | Temple   | Entered the Ecumenical Temple
  5499 | Temple   | Became a worshipper of Uskayaw the Reveler
  5581 | D:6      | Reached * piety under Uskayaw
  5618 | D:6      | Reached skill level 1 in Invocations
  5618 | D:6      | Reached ** piety under Uskayaw
  5628 | D:6      | Reached *** piety under Uskayaw
  5630 | D:6      | Reached **** piety under Uskayaw
  5634 | D:6      | Reached skill level 5 in Fighting
  5935 | D:6      | Reached skill level 5 in Invocations
  6249 | D:6      | Found Sukliu's Antique Armour Shop.
  6252 | D:6      | Bought a glowing tower shield for 217 gold pieces
  6311 | D:6      | Found a shadowy altar of Dithmenos.
  6634 | D:7      | Reached skill level 1 in Shields
  6780 | D:7      | Reached XP level 9. HP: 71/71 MP: 13/13
  6942 | D:7      | Killed from afar by a steam dragon

Illustrated notes

Levels and vault maps discovered:
D:1:      saegor_arrival_simple_a, layout_basic
D:2:      layout_basic, hangedman_abyss_or_decor_stabs, uniq_jessica
D:3:      layout_loops_corners, wad_orctagon
D:4:      layout_basic, uniq_pikel, uniq_blork_the_orc
D:5:      layout_basic, minmay_temple_entry_proselytizer
D:6:      layout_rooms, kennysheep_little_box, serial_shops,
          nicolae_shop_behind_doors
D:7:      layout_loops_cross, lemuel_coloured_pillars_altar
Temple:   regret_index_temple_generic_petals

Skill      XL: |  1  2  3  4  5  6  7  8  9 |
---------------+----------------------------+-----
Unarmed Combat | 3 |  3.1
Short Blades   | 1 2 4 7 |  7.4
Fighting       | 4 6 |  6.9
Invocations    | 6 |  6.6
Shields        | 1 2 |  2.2
Staves         | |  0.9
Throwing       | |  1.7
Dodging        | |  2.6

Action                   |  1- 3 |  4- 6 |  7- 9 || total
-------------------------+-------+-------+-------++-------
Melee: Unarmed           |    28 |       |       ||    28
       Short sword       |    67 |       |       ||    67
       Dagger            |    38 |   125 |    92 ||   255
       Punch             |       |     3 |     1 ||     4
       Quarterstaff      |       |       |   120 ||   120
       Scimitar          |       |       |    75 ||    75
Throw: Throwing net      |     2 |     2 |       ||     4
Invok: Stomp             |       |       |     3 ||     3
Evoke: Wand              |       |     2 |       ||     2
  Use: Potion            |     2 |     8 |     2 ||    12
 Stab: Held in net/web   |       |     2 |       ||     2
       Sleeping          |       |       |     6 ||     6
       Paralysed         |       |       |     4 ||     4
Armor: Leather armour    |    58 |    34 |   128 ||   220
Dodge: Dodged            |    83 |    65 |   173 ||   321
Block: Tower shield      |       |       |    53 ||    53
       Rpst.: Scimitar   |       |       |    10 ||    10

Table legend: (Time is in decaauts)
 A = Elapsed time spent in this place.
 B = Non-inter-level travel time spent in this place.
 C = Inter-level travel time spent in this place.
 D = Time resting spent in this place.
 E = Time spent auto-exploring this place.
 F = Levels seen in this place.
 G = Mean time per level.
                   A        B        C        D        E       F      G
               +--------+--------+--------+--------+--------+-----+--------+
         Total |   6940 |   6668 |    272 |     15 |   5486 |   8 |  867.5 |
       Dungeon |   6588 |   6363 |    225 |     15 |   5184 |   7 |  941.1 |
        Temple |    351 |    304 |     47 |      0 |    302 |   1 |  351.0 |
               +--------+--------+--------+--------+--------+-----+--------+

Top non-repeatable levels by time:
     D:1: 1756 daAuts
     D:4: 966 daAuts
     D:5: 963 daAuts
     D:6: 943 daAuts
     D:3: 898 daAuts
     D:2: 595 daAuts
     D:7: 464 daAuts
  Temple: 351 daAuts
